 Dungeon Crawl Stone Soup version 0.24-a0-640-ge7cd8ce796 (webtiles) character file.

Game seed: 10234849559335217302, levelgen mode: deterministic

61002 Kohma the Grim Reaper (level 14, -2/114 (115) HPs)
             Began as a Demonspawn Gladiator on Sept 24, 2019.
             Was the Champion of Yredelemnul.
             Slain by an orc knight
             ... wielding a +1 great mace of protection
              (15 damage)
             ... on level 1 of the Orcish Mines.
             The game lasted 01:50:17 (24999 turns).

Kohma the Grim Reaper (Demonspawn Gladiator)       Turns: 24999, Time: 01:50:18

HP:   -2/114 (115)  AC: 26    Str: 19    XL:     14   Next: 59%
MP:   19/25         EV: 10    Int: 13    God:    Yredelemnul [******]
Gold: 1615          SH: 14    Dex: 11    Spells: 13/13 levels left

rFire    . . .     SeeInvis .   a - +3 demon trident (vamp)
rCold    + . .     Gourm    .   e - +4 shield {reflect}
rNeg     . . .     Faith    .   H - +1 plate armour {MR+}
rPois    +         Spirit   .   V - +2 helmet {Int+3}
rElec    +         Reflect  +   c - scarf {rC+ rF+}
rCorr    .         Harm     .   G - +0 pair of gloves
MR       +++..                  (boots unavailable)
Stlth    ..........             b - amulet of regeneration
HPRegen  0.69/turn              F - ring of protection from magic
MPRegen  0.19/turn              U - ring of Qawaf {rElec rPois rF- EV+4}

@: sanguine armour, lightly drained
A: hooves 3, clumsy 2, demonic guardian 2, spiny 1, sanguine armour 2
a: Recall Undead Slaves, Injury Mirror, Animate Dead, Drain Life, Enslave Soul,
Renounce Religion


You were on level 1 of the Orcish Mines.
You worshipped Yredelemnul.
Yredelemnul was exalted by your worship.
You were hungry.

You visited 5 branches of the dungeon, and saw 24 of its levels.
You also visited: Bailey.

You collected 1735 gold pieces.
You spent 120 gold pieces at shops.

Inventory:

Hand Weapons
 a - a +3 vampiric demon trident (weapon)
Missiles
 d - 2 throwing nets (quivered)
 v - 16 javelins
 E - 5 silver javelins
Armour
 c - a scarf of resistance (worn)
 e - a +4 shield of reflection (worn)
 g - the +0 buckler "Rerhoepp" {rF+ Dex+5}
   (You acquired it on level 4 of the Lair of Beasts)

   It affects your dexterity (+5).
   It protects you from fire.
 G - a +0 pair of gloves (worn)
 H - a +1 plate armour of magic resistance (worn)
 V - a +2 helmet of intelligence (worn)
Jewellery
 b - an amulet of regeneration (around neck)
 q - a +3 ring of protection
 F - a ring of protection from magic (left hand)
 N - a +3 ring of evasion
 O - an uncursed ring of flight
 U - the ring of Qawaf (right hand) {rElec rPois rF- EV+4}
   (You found it on level 3 of the Lair of Beasts)

   [ring of evasion]

   It affects your evasion (+4).
   It makes you vulnerable to fire.
   It insulates you from electricity.
   It protects you from poison.
Wands
 i - a wand of polymorph (19)
 y - a wand of enslavement (18)
 C - a wand of paralysis (12)
 I - a wand of iceblast (8)
 K - a wand of clouds (4)
 P - a wand of acid (21)
 S - a wand of disintegration (23)
Scrolls
 h - 5 scrolls of identify
 l - 12 scrolls of remove curse
 p - 9 scrolls of teleportation
 t - a scroll of fear
 B - a scroll of amnesia
 Q - 2 scrolls of blinking
 R - a scroll of fog
Potions
 j - 2 potions of agility
 k - 4 potions of ambrosia
 m - 2 potions of flight
 n - 3 potions of resistance
 o - 5 potions of curing
 r - 7 potions of heal wounds
 s - 2 potions of mutation
 u - 4 potions of haste
 w - 2 potions of magic
 x - 6 potions of brilliance
 z - a potion of might
 A - 6 potions of lignification
 D - 2 potions of invisibility
Miscellaneous
 M - a phantom mirror
Comestibles
 f - 19 rations
 J - a chunk of flesh


   Skills:
 - Level 12.0(11.3) Fighting
 - Level 14.0(13.2) Polearms
 - Level 1.7(1.2) Throwing
 + Level 5.5(4.9) Armour
 - Level 6.0(5.4) Dodging
 * Level 8.2(7.6) Shields
 + Level 15.5(14.8) Invocations


You had 13 spell levels left.
You didn't know any spells.
Your spell library contained the following spells:

 Spells                   Type           Power        Failure   Level  Hunger
 Animate Skeleton         Necr           N/A          100%        1    ##.....
 Apportation              Tloc           #.....       100%        1    ##.....
 Confusing Touch          Hex            #.....       100%        1    ##.....
 Corona                   Hex            #......      100%        1    ##.....
 Infusion                 Chrm           #...         100%        1    ##.....
 Sting                    Conj/Pois      #...         100%        1    ##.....
 Summon Small Mammal      Summ           #...         100%        1    ##.....
 Ensorcelled Hibernation  Hex/Ice        #.....       100%        2    ###....
 Poisonous Vapours        Pois/Air       #.....       100%        2    ###....
 Shroud of Golubria       Chrm/Tloc      #.....       100%        2    ###....
 Song of Slaying          Chrm           #.......     100%        2    ###....
 Confuse                  Hex            #.......     100%        3    ####...
 Dazzling Spray           Conj/Hex       #.....       100%        3    ####...
 Mephitic Cloud           Conj/Pois/Air  #.......     100%        3    ####...
 Regeneration             Chrm/Necr      #.........   100%        3    ####...
 Spectral Weapon          Hex/Chrm       #.......     100%        3    ####...
 Tukima's Dance           Hex            #.......     100%        3    ####...
 Airstrike                Air            #.........   100%        4    #####..
 Cause Fear               Hex            #.........   100%        4    #####..
 Olgreb's Toxic Radiance  Pois           #.......     100%        4    #####..
 Silence                  Hex/Air        #.........   100%        5    ######.
 Venom Bolt               Conj/Pois      #.........   100%        5    ######.
 Yara's Violent Unravell  Hex/Tmut       #.........   100%        5    ######.
 Deflect Missiles         Chrm/Air       #.........   100%        6    #######
 Discord                  Hex            #.........   100%        8    #######
 Tornado                  Air            #.........   100%        9    #######


Dungeon Overview and Level Annotations

Branches:
Dungeon (14/15)            Temple (1/1) D:4            Lair (6/6) D:10
 Shoals (0/4) Lair:2        Snake (1/4) Lair:2        Slime (0/5) Lair:5
    Orc (2/2) D:9             Elf (0/3) Orc:2        Vaults (0/5) D:14
 Bailey (visited)

Altars:
Ashenzari
Cheibriados
Dithmenos
Elyvilon
Fedhas
Gozag
Hepliaklqana
Kikubaaqudgha
Makhleb
Nemelex Xobeh
Okawaru
Qazlal
Ru
Sif Muna
Trog
Uskayaw
Vehumet
Wu Jian
Xom
Yredelemnul
Zin
The Shining One

Shops:
D:4 ?   D:11 [   D:13 %   Orc:2 **%}[(

Portals:
Pandemonium: Orc:2

Annotations:
D:7 exclusion: downstairs
D:14 1 runed translucent door


Innate Abilities, Weirdness & Mutations

You have hooves in place of feet.
A demonic guardian rushes to your aid.
You are partially covered in sharp spines.
When seriously injured, your bleeding wounds create thick armour. (AC +9)
You are very clumsy. (Dex -4)


Message History

You block the orc knight's attack.
You closely miss the orc knight. Your kick misses the orc knight.
The orc knight is lightly wounded.
The orc warrior hits you from afar with a +0 glaive!
* * * LOW HITPOINT WARNING * * *
Unknown command.
You hit the orc knight but do no damage.
Your kick misses the orc knight.
The orc knight is lightly wounded.
You block the orc knight's attack.
Your spectral torturous demonspawn hits the orc warrior from afar with a +0 demon trident!
Unknown command.
You are feeling hungry.
You closely miss the orc knight.
The orc knight is lightly wounded.
The orc warrior hits you from afar with a +0 glaive!
* * * LOW HITPOINT WARNING * * *
The orc knight hits you with a +1 great mace of protection!
You die...
Your body rises from the dead as a mindless zombie.

##....#....>.#
##..........# ##
#...........#
##.###..........#
#..............##
##..............
###..#.^.......#
#...o....$..##
##..@........
#...Z........
##o.##......# ##.
#....## .. ..###
.^. ...# #.. .##
###


You could see an orc knight, an orc warrior and a friendly spectral torturous
demonspawn.

Vanquished Creatures
  2 dire elephants (Lair:6)
  The ghost of Gall2222 the Covert, a journeyman HaAs of Nemelex Xobeh (Lair:1)
  A vault guard (D:14)
  3 centaur warriors
  3 hydras
  A two-headed ogre (D:10)
  3 tengu warriors
  Urug (D:10)
  2 sun demons (Orc:2)
  5 orc high priests (Orc:2)
  Sonja (D:10)
  A gelid demonspawn (Orc:2)
  A wizard (D:14)
  3 orc knights (Orc:2)
  An ugly thing (D:8)
  3 orc sorcerers (Orc:2)
  A cyclops (D:11)
  Maurice (D:10)
  A merfolk siren (Lair:2)
  4 elephants
  An eye of devastation (Lair:5)
  3 black mambas
  A rime drake (Lair:2)
  11 spiny frogs
  3 komodo dragons
  3 trolls
  A polar bear (Lair:1)
  A hornet (D:12)
  5 blink frogs
  A dream sheep (D:8)
  7 hippogriffs
  A shadow (D:12)
  2 spriggans (Lair:1)
  A centaur simulacrum (D:14)
  3 wraiths (D:14)
  2 wyverns
  17 yaks
  A ynoxinul (Orc:2)
  A basilisk (Lair:2)
  A fire elemental (Lair:6)
  2 hungry ghosts
  A neqoxec (Orc:2)
  A soldier ant (D:11)
  6 porcupines
  The ghost of njord12 the Digger, an amateur GrEE (D:6)
  11 water moccasins
  3 ice beasts
  A phantom (D:10)
  A necrophage (D:12)
  2 black bears
  16 orc warriors
  4 ogres
  2 sky beasts
  15 centaurs
  7 wolves
  13 crocodiles
  6 big kobolds
  16 bullfrogs
  A wyvern skeleton (D:8)
  3 scorpions
  A killer bee (D:6)
  6 howler monkeys
  11 wights
  A centaur zombie (D:5)
  6 crimson imps
  3 centaur skeletons
  8 hounds
  16 orc wizards
  2 jellies (D:10)
  18 orc priests
  A bullfrog skeleton (D:10)
  3 iguanas
  11 worker ants
  A killer bee zombie (D:10)
  A hound skeleton (D:6)
  A worker ant zombie (D:6)
  4 gnolls (D:5)
  22 adders
  5 shadow imps
  2 white imps (D:12)
  An adder skeleton (D:4)
  An adder zombie (D:5)
  2 worms
  5 dart slugs
  6 leopard geckos
  61 orcs
  A ball python (D:3)
  6 bats
  7 giant cockroaches
  8 goblins
  5 hobgoblins
  9 jackals
  18 kobolds
  2 quokkas
  14 frilled lizards
  3 leopard gecko skeletons (D:4)
  A leopard gecko zombie (D:6)
  An orc zombie (Orc:2)
  7 rats
  A fungus (Lair:6)
  2 plants (Lair:6)
501 creatures vanquished.

Vanquished Creatures (collateral kills)
  3 dire elephants (Lair:6)
  A centaur warrior (D:14)
  A two-headed ogre (D:12)
  An anaconda (Lair:6)
  2 tengu warriors
  2 orc high priests (Orc:2)
  An unseen horror (D:12)
  A deep elf mage (D:14)
  An orc knight (Orc:2)
  4 orc sorcerers
  3 cyclopes
  A manticore (D:12)
  3 elephants
  2 black mambas
  3 centaur zombies
  Joseph (D:9)
  A smoke demon (Orc:2)
  7 spiny frogs
  2 centaur skeletons
  A gargoyle (D:12)
  A rime drake (Lair:4)
  2 komodo dragons
  2 tengu conjurers
  4 trolls
  A hornet (Lair:1)
  A dream sheep (D:8)
  3 blink frogs
  4 hippogriffs
  A shadow (D:13)
  A vampire (D:10)
  A spriggan (Lair:1)
  10 yaks
  A harpy simulacrum (D:14)
  6 water moccasins
  2 porcupines
  A black bear (D:10)
  13 orc warriors
  A phantom (D:6)
  6 wolves
  2 ogres
  An eye of draining (Lair:5)
  4 centaurs
  3 crocodiles
  4 bullfrogs
  3 scorpions
  3 electric eels
  4 crimson imps (D:12)
  10 orc priests
  7 orc wizards
  A bullfrog skeleton (D:4)
  2 worker ants
  A hound skeleton (D:9)
  An adder (D:7)
  38 orcs
  2 jackals (D:10)
  A kobold (D:10)
  27 fungi
  14 plants
230 creatures vanquished.

Vanquished Creatures (others)
  A spectral human (Orc:2)
  2 skeletal warriors (Orc:2)
  A flayed ghost (Orc:2)
  2 phantasmal warriors
  A spectral cyclops (D:12)
  3 vampires
  A black mamba zombie (Lair:6)
  4 flying skulls
  A wraith (D:10)
  2 spiny frog zombies
  A necrophage (D:14)
  2 blink frog skeletons (Lair:6)
  An elephant skeleton (Lair:6)
  A komodo dragon zombie (Lair:6)
  2 hippogriff zombies
  3 water moccasin zombies
  A troll zombie (Orc:2)
  2 wights
  A wolf zombie (Lair:6)
  A wolf skeleton (Lair:3)
  A bullfrog zombie (D:10)
  4 centaur zombies
  A black bear zombie (D:10)
  2 bullfrog skeletons
  3 kobold zombies
  A big kobold zombie (D:8)
  3 crocodile zombies
  2 ogre zombies
  2 spectral orcs
  A crocodile skeleton (Lair:6)
  A mummy (D:10)
  A hound zombie (D:12)
  2 howler monkey zombies (D:7)
  50 orc zombies
  2 adder skeletons
  An orc (D:10)
  5 jackal zombies
  A kobold skeleton (D:10)
  2 orc skeletons
  16 fungi
  13 plants
147 creatures vanquished.

Grand Total: 878 creatures vanquished

Notes
Turn   | Place    | Note
-------+----------+-------------------------------------------
     0 | D:1      | Kohma the Demonspawn Gladiator began the quest for the Orb.
     0 | D:1      | Reached XP level 1. HP: 16/16 MP: 1/1
   437 | D:1      | Gained mutation: A weak demonic guardian rushes to your
                  | aid. [demonic ancestry]
   437 | D:1      | Reached XP level 2. HP: 22/22 MP: 2/2
  1010 | D:2      | Gained mutation: You have large cloven feet. [demonic
                  | ancestry]
  1010 | D:2      | Reached XP level 3. HP: 22/28 MP: 3/3
  1283 | D:2      | Reached XP level 4. HP: 32/34 MP: 4/4
  1806 | D:2      | Found a radiant altar of Vehumet.
  2643 | D:3      | Reached XP level 5. HP: 40/40 MP: 5/5
  3871 | D:4      | Found a staircase to the Ecumenical Temple.
  3881 | D:4      | Reached XP level 6. HP: 47/47 MP: 6/6
  3910 | Temple   | Entered the Ecumenical Temple
  3925 | Temple   | Became a worshipper of Yredelemnul the Dark
  4672 | D:4      | Reached skill level 5 in Dodging
  4720 | D:4      | Reached skill level 5 in Polearms
  4726 | D:4      | Gained mutation: When seriously injured, your bleeding
                  | wounds create armour. (AC +9) [demonic ancestry]
  4726 | D:4      | Reached XP level 7. HP: 38/53 MP: 7/7
  4952 | D:4      | Found Geaf's Magic Scroll Boutique.
  4955 | D:4      | Bought a scroll of identify for 24 gold pieces
  4955 | D:4      | Bought a scroll of remove curse for 36 gold pieces
  4955 | D:4      | Bought a scroll of identify for 24 gold pieces
  4955 | D:4      | Bought a scroll of teleportation for 36 gold pieces
  5003 | D:5      | Entered Level 5 of the Dungeon
  5373 | D:5      | Reached * piety under Yredelemnul
  5730 | D:5      | Gained mutation: You are partially covered in sharp spines.
                  | [demonic ancestry]
  5730 | D:5      | Reached XP level 8. HP: 61/61 MP: 8/8
  6218 | D:6      | Reached skill level 1 in Invocations
  6374 | D:6      | Reached ** piety under Yredelemnul
  6374 | D:6      | Reached skill level 2 in Invocations
  6378 | D:6      | Reached skill level 5 in Fighting
  6634 | D:6      | Reached skill level 3 in Invocations
  6679 | D:6      | Found a shimmering altar of Xom.
  6696 | D:6      | Noticed Blork the orc
  6762 | D:7      | Found an ornate altar of the Wu Jian Council.
  6789 | D:7      | Found a flagged portal.
  6818 | Bailey   | Entered a bailey
  6818 | Bailey   | Noticed an orc knight
  6819 | Bailey   | Noticed an orc knight
  7099 | D:7      | Reached skill level 4 in Invocations
  7360 | D:7      | Gained mutation: When seriously injured, your bleeding
                  | wounds create thick armour. (AC +9) [demonic ancestry]
  7360 | D:7      | Reached XP level 9. HP: 27/69 MP: 12/12
  7773 | D:8      | Noticed a green ugly thing
  8084 | D:8      | Reached skill level 5 in Invocations
  8184 | D:8      | Reached *** piety under Yredelemnul
  8192 | D:8      | Identified the ring "Ite Wer" {Wiz rElec Int+3 Dex-4 SInv}
  8338 | D:8      | Reached skill level 6 in Invocations
  8524 | D:8      | Noticed a two-headed hydra
  8534 | D:8      | Killed a two-headed hydra
  8534 | D:8      | Reached skill level 7 in Invocations
  8534 | D:8      | Reached XP level 10. HP: 59/79 MP: 13/15
  8634 | D:8      | Found a hazy altar of Hepliaklqana.
  8787 | D:8      | Paralysed by fainting for 8 turns
  8869 | D:8      | Killed a green ugly thing
  8869 | D:8      | Reached skill level 10 in Polearms
  9203 | D:9      | Got a fine hunting sling
  9449 | D:9      | Reached skill level 8 in Invocations
  9495 | D:9      | Reached **** piety under Yredelemnul
  9501 | D:9      | Found a staircase to the Orcish Mines.
  9704 | D:9      | Received a gift from Yredelemnul (4 flying skulls)
  9827 | D:9      | Noticed Joseph
  9843 | D:9      | Killed Joseph
 10139 | D:10     | Entered Level 10 of the Dungeon
 10271 | D:10     | Noticed Sonja
 10290 | D:10     | Received a gift from Yredelemnul (a wight)
 10303 | D:10     | Killed Sonja
 10507 | D:10     | Noticed a two-headed ogre
 10521 | D:10     | Received a gift from Yredelemnul (a mummy)
 10525 | D:10     | Killed a two-headed ogre
 10525 | D:10     | Reached skill level 9 in Invocations
 10577 | D:10     | Noticed Maurice
 10603 | D:10     | Your ally Sonja died
 10623 | D:10     | Killed Maurice
 10623 | D:10     | Gained mutation: You have hoof-like feet. [demonic
                  | ancestry]
 10623 | D:10     | Reached XP level 11. HP: 48/87 MP: 17/17
 10948 | D:10     | Reached ***** piety under Yredelemnul
 10948 | D:10     | Received a gift from Yredelemnul (a wraith)
 11235 | D:10     | Found a staircase to the Lair.
 11268 | D:10     | Noticed an orc sorcerer
 11271 | D:10     | Noticed an orc sorcerer
 11271 | D:10     | Noticed an orc sorcerer
 11301 | D:10     | Killed an orc sorcerer
 11312 | D:10     | Killed an orc sorcerer
 11317 | D:10     | Gained mutation: You are clumsy. (Dex -2) [a neqoxec]
 11318 | D:10     | Gained mutation: You are very clumsy. (Dex -4) [a neqoxec]
 11326 | D:10     | Killed an orc sorcerer
 11368 | D:10     | Noticed Urug
 11776 | D:10     | Killed Urug
 12575 | Lair:1   | Entered Level 1 of the Lair of Beasts
 12616 | Lair:1   | Reached skill level 10 in Invocations
 13194 | Lair:1   | Found a runed translucent door.
 13220 | Lair:1   | Noticed Gall2222's ghost (journeyman HaAs)
 13221 | Lair:1   | Identified the +5 spear "Piepn" {pierce, +Blink rPois}
 13222 | Lair:1   | Noticed a spriggan rider
 13237 | Lair:1   | Killed Gall2222's ghost
 13240 | Lair:1   | Received a gift from Yredelemnul (a wight)
 14154 | Lair:2   | Found a staircase to the Snake Pit.
 14182 | Lair:2   | Noticed a five-headed hydra
 14183 | Lair:2   | Reached skill level 11 in Invocations
 14689 | Lair:2   | Identified the +6 hunting sling of the Six Moons {venom,
                  | +Inv Str+2} (You found it on level 9 of the Dungeon)
 14783 | Lair:2   | Killed a five-headed hydra
 14783 | Lair:2   | Gained mutation: You have hooves in place of feet. [demonic
                  | ancestry]
 14783 | Lair:2   | Reached XP level 12. HP: 97/97 MP: 20/20
 14902 | Lair:2   | Reached skill level 10 in Fighting
 15187 | Lair:2   | Found a staircase to the Shoals.
 15411 | D:6      | Found a runed translucent door.
 15411 | D:6      | Noticed njord12's ghost (amateur GrEE)
 15455 | D:6      | Killed Blork the orc
 15455 | D:6      | Enslaved Blork the orc
 15749 | D:6      | Killed njord12's ghost
 15948 | D:11     | Received a gift from Yredelemnul (a vampire)
 15966 | D:11     | Found Hustrad's Antique Armour Boutique.
 15992 | D:11     | Noticed a tengu warrior
 16008 | D:11     | Killed a tengu warrior
 16308 | D:11     | Your ally Blork died
 16427 | D:11     | Reached skill level 12 in Invocations
 16705 | Snake:1  | Entered Level 1 of the Snake Pit
 16755 | Lair:3   | Received a gift from Yredelemnul (a vampire)
 16977 | Lair:3   | Noticed an eight-headed hydra
 16986 | Lair:3   | Killed an eight-headed hydra
 17041 | Lair:3   | Received a gift from Yredelemnul (a phantasmal warrior)
 17124 | Lair:3   | Got a glittering iron ring
 18066 | Lair:4   | Identified the ring of Qawaf {rElec rPois rF- EV+4} (You
                  | found it on level 3 of the Lair of Beasts)
 18070 | Lair:4   | Identified 3 scrolls of acquirement
 18086 | Lair:4   | Got a fine buckler
 18088 | Lair:4   | Got a heavily runed platinum ring
 18091 | Lair:4   | Identified the ring "Nimah" {Fire rElec rPois MR- MP-9}
                  | (You acquired it on level 4 of the Lair of Beasts)
 18105 | Lair:4   | Identified the +0 buckler "Rerhoepp" {rF+ Dex+5} (You
                  | acquired it on level 4 of the Lair of Beasts)
 18765 | Lair:5   | Reached XP level 13. HP: 106/106 MP: 22/22
 18841 | Lair:5   | Found a staircase to the Slime Pits.
 18855 | Lair:5   | Reached skill level 1 in Shields
 19094 | Lair:5   | Reached skill level 13 in Invocations
 19599 | Lair:6   | Entered Level 6 of the Lair of Beasts
 19659 | Lair:6   | Received a gift from Yredelemnul (a vampire)
 20162 | Lair:6   | Received a gift from Yredelemnul (a phantasmal warrior)
 20688 | Lair:6   | Noticed a dire elephant
 20688 | Lair:6   | Noticed a dire elephant
 20689 | Lair:6   | Killed a dire elephant
 20698 | Lair:6   | Killed a dire elephant
 20702 | Lair:6   | Killed a dire elephant
 20740 | Lair:6   | Noticed a dire elephant
 20750 | Lair:6   | Killed a dire elephant
 20777 | Lair:6   | Noticed a dire elephant
 20789 | Lair:6   | Killed a dire elephant
 20789 | Lair:6   | Reached skill level 1 in Armour
 20789 | Lair:6   | Reached skill level 14 in Invocations
 21047 | D:12     | Received a gift from Yredelemnul (a skeletal warrior)
 21294 | D:12     | Identified Sif Muna's Disquisition on Gliding Poisoning
 21316 | D:12     | Reached skill level 5 in Shields
 22190 | D:13     | Noticed Rupert
 22204 | D:13     | Killed Rupert
 22204 | D:13     | Enslaved Rupert
 22205 | D:13     | Found Xinaw's Food Shoppe.
 22363 | D:13     | Received a gift from Yredelemnul (a skeletal warrior)
 22761 | D:14     | Gained mutation: A demonic guardian rushes to your aid.
                  | [demonic ancestry]
 22761 | D:14     | Reached XP level 14. HP: 106/115 MP: 23/25
 23005 | D:14     | Found a glowing silver altar of Zin.
 23005 | D:14     | Noticed an angel
 23006 | D:14     | Found a runed translucent door.
 23322 | D:14     | Found a gate to the Vaults.
 23331 | D:14     | Reached skill level 15 in Invocations
 23681 | Orc:1    | Entered Level 1 of the Orcish Mines
 23689 | Orc:1    | You fall into a shaft and drop 1 floor!
 23689 | Orc:2    | Entered Level 2 of the Orcish Mines
 23716 | Orc:2    | Received a gift from Yredelemnul (a flayed ghost)
 23767 | Orc:2    | Found Wora's Food Emporium.
 23783 | Orc:2    | Found Maquapt's General Store.
 23810 | Orc:2    | Reached ****** piety under Yredelemnul
 23937 | Orc:2    | Your ally Rupert died
 23972 | Orc:2    | Reached skill level 5 in Armour
 24095 | Orc:2    | Found Giuch's Weapon Emporium.
 24264 | Orc:2    | Found a staircase to the Elven Halls.
 24612 | Orc:2    | Found Wiwuaq's General Store.
 24897 | Orc:2    | Found Duusali's Antique Armour Shop.
 24897 | Orc:2    | Found a one-way gate leading to the halls of Pandemonium.
 24897 | Orc:2    | Found Namod's Gadget Boutique.
 24999 | Orc:1    | Slain by an orc knight

Levels and vault maps discovered:
D:1:      matt_arrival_diagonals, layout_loops_corners
D:2:      layout_basic, vehumet_crystals, first_ration
D:3:      layout_loops_corners
D:4:      layout_rooms, minmay_temple_entry_butterflies, serial_shops,
          kennysheep_mini, nrook_loot_triangle
D:5:      layout_rooms, minmay_lizard_king
D:6:      layout_loops_ring, nicolae_overflow_crystal_walls,
          ebering_ghost_inner_flame, uniq_blork_the_orc
D:7:      layout_cave_pools, lemuel_doored_altar, enter_bailey_2
D:8:      layout_loops_ring, old_standard_altar, hangedman_ranch
          [blue_anna_fruit_fields]
D:9:      layout_small_grid, hiddenorc2_lemuel, chequers_jeans, uniq_joseph
D:10:     cheibrodos_wizards_tower, layout_basic,
          grunt_lair_entry_orc_guard_hut, nrook_mini_backslash, minivault_5,
          minmay_fractal_squares_5, uniq_sonja, uniq_urug, uniq_maurice
D:11:     layout_long_grid, serial_shops, nicolae_shop_overgrown_old_shop
D:12:     layout_layer_cave, serial_glass, glass_columns_a, glass_columns_a,
          due_unseen_surprise, item_on_display_a, minmay_nine_imps
D:13:     layout_basic, serial_shops, nicolae_shop_crystal, chequers_arboretum,
          uniq_rupert
D:14:     layout_loops_ring, david_vaults_5, lemuel_angel_altar
Temple:   eino_narrow_crystal_temple
Lair:1:   layout_small_grid, ebering_ghost_funeral_grove
Lair:2:   layout_long_grid, minmay_shoals_entry_lonely_mermaid,
          minmay_snake_entry_six_corridors
Lair:3:   layout_regular_city, beast_lair_carwin_9
Lair:4:   layout_gridlike, minmay_holes
Lair:5:   layout_cave_pods, minmay_slime_entry_eyes
Lair:6:   due_jungle_book, layout_gridlike
Snake:1:  layout_chambers, uniq_azrael, uniq_jorgrun
Orc:1:    layout_caves, statue_in_the_mist_lemuel, nicolae_orc_sculptors_studio,
          mines5_lemuel
Orc:2:    pf_orc_diabolical, layout_diamond_mine, serial_shops, shop, shop,
          nicolae_orc_damp_corner

Skill      XL: |  1  2  3  4  5  6  7  8  9 10 11 12 13 14 |
---------------+-------------------------------------------+-----
Dodging        | 3 4 5 6 |  6.0
Polearms       | 3 4 5 6 7 9 11 12 14 | 14.0
Fighting       | 3 4 5 7 8 9 11 12 | 12.0
Invocations    | 4 7 9 11 12 14 15 | 15.5
Shields        | 5 8 |  8.2
Armour         | 3 5 |  5.5
Throwing       | |  1.7

Action                   |  1- 3 |  4- 6 |  7- 9 | 10-12 | 13-15 || total
-------------------------+-------+-------+-------+-------+-------++-------
Melee: Trident           |    80 |   241 |   311 |   262 |       ||   894
       Kick              |     3 |    57 |    98 |   147 |   229 ||   534
       Spear             |       |       |    42 |       |       ||    42
       Demon trident     |       |       |       |   396 |   691 ||  1087
Throw: Throwing net      |       |       |     1 |       |       ||     1
Invok: Animate Remains   |       |       |     4 |       |       ||     4
       Recall Undead Sla |       |       |     1 |    11 |    13 ||    25
       Animate Dead      |       |       |     2 |    43 |    47 ||    92
       Drain Life        |       |       |       |     2 |     1 ||     3
       Enslave Soul      |       |       |       |     1 |     4 ||     5
Evoke: Wand              |       |       |       |     7 |       ||     7
  Use: Scroll            |       |       |    14 |    23 |     7 ||    44
       Potion            |       |       |       |     3 |       ||     3
 Stab: Distracted        |       |       |       |    13 |     8 ||    21
       Paralysed         |       |       |       |       |     3 ||     3
       Confused          |       |       |       |       |     1 ||     1
       Sleeping          |       |       |       |       |     1 ||     1
  Eat: Chunk             |     1 |    11 |     8 |    23 |    13 ||    56
       Ration            |       |       |     2 |     8 |     7 ||    17
Armor: Leather armour    |     6 |       |       |       |       ||     6
       Ring mail         |    19 |    81 |    91 |    72 |       ||   263
       Plate armour      |       |       |       |   170 |   182 ||   352
Dodge: Dodged            |    36 |   136 |   188 |   202 |   171 ||   733
Block: Buckler           |       |       |       |     1 |    68 ||    69
       Shield            |       |       |       |       |    69 ||    69
       Reflection        |       |       |       |       |     1 ||     1

Table legend:
 A = Non-vault XP
 B = Vault XP
 C = Vault XP percentage of total XP
 D = Non-vault monster count
 E = Vault monster count
 F = Vault count percentage of total count
                 A         B        C        D         E       F
            +---------+---------+-------+---------+---------+-------
      Total |   59466 |   27681 |  31.8 |     510 |     178 |  25.9
            +---------+---------+-------+---------+---------+-------
        D:1 |      37 |       0 |   0.0 |      19 |       0 |   0.0
        D:2 |     152 |       0 |   0.0 |      27 |       0 |   0.0
        D:3 |     165 |       0 |   0.0 |      22 |       0 |   0.0
        D:4 |     492 |       0 |   0.0 |      34 |       0 |   0.0
        D:5 |     608 |      56 |   8.4 |      17 |      12 |  41.4
        D:6 |    1125 |     203 |  15.3 |      19 |       2 |   9.5
        D:7 |     647 |       0 |   0.0 |      16 |       0 |   0.0
        D:8 |    2463 |    1941 |  44.1 |      41 |       8 |  16.3
        D:9 |     584 |     758 |  56.5 |      13 |      33 |  71.7
       D:10 |    2229 |    3405 |  60.4 |      42 |      14 |  25.0
       D:11 |    3501 |       0 |   0.0 |      23 |       0 |   0.0
       D:12 |    4982 |     218 |   4.2 |      28 |       9 |  24.3
       D:13 |    3633 |       0 |   0.0 |      13 |       0 |   0.0
       D:14 |    8156 |    1722 |  17.4 |      41 |       6 |  12.8
     Lair:1 |    2798 |    1565 |  35.9 |      16 |       5 |  23.8
     Lair:2 |    5114 |    1361 |  21.0 |      20 |      16 |  44.4
     Lair:3 |    4908 |    1036 |  17.4 |      23 |       7 |  23.3
     Lair:4 |    1805 |       0 |   0.0 |      12 |       0 |   0.0
     Lair:5 |    3767 |     351 |   8.5 |      15 |       2 |  11.8
     Lair:6 |   10341 |    1713 |  14.2 |      44 |       4 |   8.3
    Snake:1 |     444 |       0 |   0.0 |       1 |       0 |   0.0
      Orc:1 |     113 |       0 |   0.0 |       4 |       0 |   0.0
      Orc:2 |    1402 |   13352 |  90.5 |      20 |      60 |  75.0
            +---------+---------+-------+---------+---------+-------
